River Rats vs Wolves
Created - 14 décembre 2014 at 19:16
Goals
|
| River Rats |
1 |
1 |
2 |
4 |
| Wolves |
2 |
4 |
1 |
7 |
|
Shots
|
| River Rats |
11 |
9 |
9 |
29 |
| Wolves |
10 |
13 |
6 |
29 |
|
1st period
1. Wolves , Tim Crowder 9 (Matt Gilroy, Jamie Storr) at 11:33
2. River Rats , Damien Brunner 25 (Peter Mueller, Martin Grenier) at 12:55
3. Wolves , Bruno Gervais 3 (Mike Zigomanis, Chris Neil) at 16:32 (PP)
Penalties :
Marc-André Gragnani (Min) for Tripping (Minor) at 2:22, Kellan Lain (Alb) for Hooking (Minor) at 16:19
2nd period
4. River Rats , Steve Quailer 9 (Brett Maclean, Kellan Lain) at 1:26
5. Wolves , Jonathan Rheault 4 (Marc-André Gragnani, Carl Klingberg) at 3:17
6. Wolves , Chris Neil 9 (Mike Zigomanis, Willie Mitchell) at 3:25
7. Wolves , Dmitry Kulikov 2 (Mike Zigomanis, Jamie Storr) at 5:22 (PP)
8. Wolves , Milan Bartovic 16 (Nathan Davis, Geoff Paukovich) at 12:30
Penalties :
Jamie Arniel (Alb) for Slashing (Minor) at 4:17, Martin Grenier (Alb) for Interference (Minor) at 12:37, Matt Gilroy (Min) for Charging (Minor) at 18:27, Brian Dumoulin (Alb) for Hooking (Minor) at 19:02
3rd period
9. Wolves , Matt Gilroy 2 (Milan Bartovic, Mike Zigomanis) at 0:50 (PP)
10. River Rats , Jamie Arniel 8 (Unassisted) at 3:45
11. River Rats , J.T. Brown 2 (Taylor Beck) at 19:14
Penalties :
Benn Ferriero (Alb) for Hooking (Minor) at 4:37, Carl Klingberg (Min) for Fighting (Major) at 8:44, Jamie Arniel (Alb) for Fighting (Major) at 8:44, Matt Gilroy (Min) for Slashing (Minor) at 9:34, Martin Grenier (Alb) for Hooking (Minor) at 13:10, Chris Neil (Min) for Interference (Minor) at 14:30
Goalie Stats
Allen York (Alb), 9 saves from 13 shots - (0,692), 23:25 minutes
Braden Holtby (Alb), 13 saves from 16 shots - (0,813), L, 7-10-2, 36:35 minutes
Jamie Storr (Min), 25 saves from 29 shots - (0,862), W, 12-12-3, 60:00 minutes
Players Stats for River Rats
Player Name G A P +/- PIM S H SB GA TA FO MP PP MP PK MP
------------------------------------------------------------------------------------
Benn Ferriero 0 0 0 0 2 2 1 0 0 0 1/1 12:39 0:25 0:00
Brett Maclean 0 1 1 -1 0 2 2 0 0 0 0/0 14:58 3:14 0:00
Brian Dumoulin 0 0 0 1 2 1 0 0 0 0 0/0 13:05 2:37 1:03
Bryan Rodney 0 0 0 0 0 1 2 3 0 0 0/0 18:42 0:00 4:20
Chris Mcallister 0 0 0 0 0 0 3 1 0 2 1/2 22:39 2:36 4:21
Damien Brunner 1 0 1 0 0 4 2 0 1 0 0/1 17:34 3:14 0:00
J.T. Brown 1 0 1 1 0 2 2 0 0 0 0/0 7:09 0:00 0:00
Jamie Arniel 1 0 1 0 7 1 1 0 1 0 6/12 14:20 1:44 0:13
Justin Schultz 0 0 0 -1 0 3 4 0 1 1 0/0 24:05 3:15 0:24
Kellan Lain 0 1 1 -1 2 2 1 1 0 1 5/15 17:18 0:36 3:43
Kyle Chipchura 0 0 0 1 0 1 1 1 0 0 3/6 10:07 0:00 2:53
Martin Grenier 0 1 1 -1 4 2 3 0 0 0 0/0 22:03 2:40 2:11
Michael Del Zotto 0 0 0 -1 0 4 0 1 1 0 0/0 24:44 3:13 2:16
Pavel Valentenko 0 0 0 1 0 0 4 1 0 2 0/0 17:27 0:02 3:46
Peter Mueller 0 1 1 0 0 1 3 0 0 0 15/28 18:03 3:14 0:21
Pierre-Cédric Labrie 0 0 0 0 0 1 0 0 0 0 0/1 13:02 0:00 0:52
Steve Quailer 1 0 1 -1 0 2 1 0 0 1 0/1 14:03 2:34 0:00
Taylor Beck 0 1 1 1 0 0 1 0 0 0 0/0 9:01 0:00 1:47
Players Stats for Wolves
Player Name G A P +/- PIM S H SB GA TA FO MP PP MP PK MP
------------------------------------------------------------------------------------
Bruno Gervais 1 0 1 0 0 2 3 3 0 0 0/0 29:33 3:37 2:54
Carl Klingberg 0 1 1 1 5 0 0 0 0 0 0/0 8:27 0:00 0:01
Chris Neil 1 1 2 0 2 4 1 0 1 0 1/2 17:03 3:41 0:00
Dmitry Kulikov 1 0 1 0 0 1 1 0 1 1 0/0 22:25 3:37 1:25
Geoff Paukovich 0 1 1 1 0 1 2 0 0 0 1/1 15:44 2:49 0:28
Jonas Junland 0 0 0 0 0 2 1 0 0 0 0/0 14:41 3:23 0:00
Jonathan Rheault 1 0 1 1 0 3 0 0 0 0 0/0 8:07 0:00 0:00
Kevin Veilleux 0 0 0 1 0 0 2 0 0 0 1/6 8:07 0:00 0:00
Maksim Mayorov 0 0 0 -2 0 0 1 1 0 0 0/0 10:56 0:00 0:00
Marc-André Gragnani 0 1 1 0 2 0 1 0 0 1 0/0 12:18 0:00 1:13
Matt Gilroy 1 1 2 0 4 2 1 0 0 0 0/0 18:58 3:47 2:13
Mike Sislo 0 0 0 0 0 1 1 1 0 0 1/1 17:45 3:33 0:29
Mike Zigomanis 0 4 4 0 0 3 0 0 1 0 23/40 22:41 4:11 3:42
Milan Bartovic 1 1 2 1 0 7 2 0 3 0 0/0 20:49 3:13 3:42
Nathan Davis 0 1 1 1 0 2 2 1 0 0 4/8 15:22 0:19 1:42
Petr Kalus 0 0 0 -2 0 0 0 0 0 0 4/8 10:56 0:00 0:00
Tim Crowder 1 0 1 -2 0 1 1 1 0 0 1/1 15:23 2:49 1:42
Willie Mitchell 0 1 1 0 0 0 2 2 1 2 0/0 22:44 0:00 4:01
3 Stars
1 - Mike Zigomanis (Min)
2 - Milan Bartovic (Min)
3 - Bruno Gervais (Min)
Power Play
River Rats - 0 on 4 Attempt(s) - 0,00%
Wolves - 3 on 7 Attempt(s) - 42,86%
Penalty Kill
River Rats - 4 on 7 Attempt(s) - 57,14%
- Score 0 goal in Penalty Kill
Wolves - 4 on 4 Attempt(s) - 100,00%
- Score 0 goal in Penalty Kill
Official
Referees : Marouelli Dan and Kozari Steve
Linesman : Brian Mach and Tim Nowak
Game Notes
Braden Holtby enters game at 3:25 of 2nd period
3:45 of 3rd period - Penalty Shot by Jamie Arniel for River Rats - Goal!
Carl Klingberg and Jamie Arniel fight to a draw at 8:44 of 3rd period
Finance
Level 1 -- Attendance: 1474 (73,70%) -- Ticket Income 51 590 $
Level 2 -- Attendance: 717 (71,70%) -- Ticket Income 10 755 $
Total Attendance: 2191 (73,03%)
Total Ticket Income: 62 345 $
Other Income: 3 117 $
Total Income: 65 462 $
River Rats
5 vs 5 Forward
Center Left Wing Right Wing Time % Phy DF OF
1 Peter Mueller Chris Mcallister Damien Brunner 40 1 2 2
2 Kellan Lain Brett Maclean Steve Quailer 30 1 2 2
3 Jamie Arniel Pierre-Cédric Labrie Benn Ferriero 20 1 2 2
4 Kyle Chipchura Taylor Beck J.T. Brown 10 0 3 2
5 vs 5 Defense
Defense Defense Time % Phy DF OF
1 Michael Del Zotto Justin Schultz 40 1 2 2
2 Martin Grenier Bryan Rodney 30 1 2 2
3 Brian Dumoulin Pavel Valentenko 20 1 2 2
4 Martin Grenier Pavel Valentenko 10 1 2 2
PowerPlay Forward
Center Left Wing Right Wing Time % Phy DF OF
1 Peter Mueller Brett Maclean Damien Brunner 60 1 2 2
2 Jamie Arniel Chris Mcallister Steve Quailer 40 1 2 2
PowerPlay Defense
Defense Defense Time % Phy DF OF
1 Justin Schultz Michael Del Zotto 60 1 2 2
2 Martin Grenier Brian Dumoulin 40 1 2 2
Penalty Kill 4 Players Forward
Center Wing Time % Phy DF OF
1 Kellan Lain Chris Mcallister 60 1 2 2
2 Kyle Chipchura Pierre-Cédric Labrie 40 1 2 2
Penalty Kill 4 Players Defense
Defense Defense Time % Phy DF OF
1 Martin Grenier Bryan Rodney 60 1 2 2
2 Pavel Valentenko Michael Del Zotto 40 1 2 2
Penalty Kill - 3 Players Forward
Forward Time % Phy DF OF
1 Chris Mcallister 60 1 2 2
2 Kyle Chipchura 40 1 2 2
Penalty Kill - 3 Players Defense
Defense Defense Time % Phy DF OF
1 Martin Grenier Bryan Rodney 60 1 2 2
2 Justin Schultz Michael Del Zotto 40 1 2 2
4 vs 4 Forward
Center Wing Time % Phy DF OF
1 Jamie Arniel Chris Mcallister 60 1 2 2
2 Peter Mueller Damien Brunner 40 1 2 2
4 vs 4 Defense
Defense Defense Time % Phy DF OF
1 Justin Schultz Pavel Valentenko 60 1 2 2
2 Martin Grenier Michael Del Zotto 40 1 2 2
Last Minutes Offensive
Center Left Wing Right Wing Defense Defense
Peter Mueller Chris Mcallister Damien Brunner Martin Grenier Justin Schultz
Last Minutes Defensive
Center Left Wing Right Wing Defense Defense
Peter Mueller Chris Mcallister Damien Brunner Martin Grenier Justin Schultz
Goaltenders
Starting : Allen York
Backup : Braden Holtby
Extra Forwards
Normal : Kellan Lain, Chris Mcallister, Pierre-Cédric Labrie - PP : Kellan Lain, Benn Ferriero - PK : Chris Mcallister
Extra Defensemen
Normal : Pavel Valentenko, Michael Del Zotto, Brian Dumoulin - PP : Brian Dumoulin - PK : Pavel Valentenko, Martin Grenier
Penalty Shots
Brett Maclean, Chris Mcallister, Damien Brunner, Peter Mueller, Pierre-Cédric Labrie
Wolves
5 vs 5 Forward
Center Left Wing Right Wing Time % Phy DF OF
1 Mike Zigomanis Mike Sislo Chris Neil 40 1 1 3
2 Nathan Davis Geoff Paukovich Milan Bartovic 30 1 1 3
3 Petr Kalus Maksim Mayorov Tim Crowder 20 1 1 3
4 Kevin Veilleux Carl Klingberg Jonathan Rheault 10 2 1 2
5 vs 5 Defense
Defense Defense Time % Phy DF OF
1 Willie Mitchell Bruno Gervais 40 1 1 3
2 Matt Gilroy Dmitry Kulikov 30 2 2 1
3 Marc-André Gragnani Jonas Junland 20 2 2 1
4 Dmitry Kulikov Bruno Gervais 10 2 2 1
PowerPlay Forward
Center Left Wing Right Wing Time % Phy DF OF
1 Mike Zigomanis Mike Sislo Chris Neil 60 0 1 4
2 Tim Crowder Geoff Paukovich Milan Bartovic 40 0 1 4
PowerPlay Defense
Defense Defense Time % Phy DF OF
1 Dmitry Kulikov Bruno Gervais 60 0 2 3
2 Matt Gilroy Jonas Junland 40 0 2 3
Penalty Kill 4 Players Forward
Center Wing Time % Phy DF OF
1 Mike Zigomanis Milan Bartovic 60 1 3 1
2 Tim Crowder Nathan Davis 40 1 3 1
Penalty Kill 4 Players Defense
Defense Defense Time % Phy DF OF
1 Willie Mitchell Matt Gilroy 60 2 3 0
2 Marc-André Gragnani Bruno Gervais 40 2 3 0
Penalty Kill - 3 Players Forward
Forward Time % Phy DF OF
1 Mike Zigomanis 60 1 4 0
2 Milan Bartovic 40 1 4 0
Penalty Kill - 3 Players Defense
Defense Defense Time % Phy DF OF
1 Willie Mitchell Marc-André Gragnani 60 2 3 0
2 Matt Gilroy Bruno Gervais 40 2 3 0
4 vs 4 Forward
Center Wing Time % Phy DF OF
1 Mike Zigomanis Milan Bartovic 60 1 1 3
2 Mike Sislo Nathan Davis 40 1 1 3
4 vs 4 Defense
Defense Defense Time % Phy DF OF
1 Dmitry Kulikov Bruno Gervais 60 2 2 1
2 Matt Gilroy Jonas Junland 40 2 2 1
Last Minutes Offensive
Center Left Wing Right Wing Defense Defense
Mike Zigomanis Mike Sislo Chris Neil Willie Mitchell Bruno Gervais
Last Minutes Defensive
Center Left Wing Right Wing Defense Defense
Mike Zigomanis Nathan Davis Milan Bartovic Willie Mitchell Bruno Gervais
Goaltenders
Starting : Jamie Storr
Backup : Eddie Lack
Extra Forwards
Normal : Mike Zigomanis, Milan Bartovic, Nathan Davis - PP : Mike Zigomanis, Nathan Davis - PK : Mike Sislo
Extra Defensemen
Normal : Dmitry Kulikov, Willie Mitchell, Matt Gilroy - PP : Dmitry Kulikov - PK : Willie Mitchell, Matt Gilroy
Penalty Shots
Mike Zigomanis, Milan Bartovic, Tim Crowder, Nathan Davis, Kevin Veilleux
% Time on Ice - River Rats
Lines # - Real PCT - Wanted PCT - Time Play
Normal Forward
1 - 32% - 40% - 14:16
2 - 25% - 30% - 11:29
3 - 27% - 20% - 12:10
4 - 16% - 10% - 7:09
Normal Defense
1 - 44% - 40% - 19:41
2 - 30% - 30% - 13:19
3 - 19% - 20% - 8:29
4 - 8% - 10% - 3:35
PP Forward
1 - 56% - 60% - 3:16
2 - 44% - 40% - 2:37
PP Defense
1 - 55% - 60% - 3:15
2 - 45% - 40% - 2:38
PK Forward
1 - 88% - 60% - 6:08
2 - 12% - 40% - 0:52
PK Defense
1 - 76% - 60% - 5:21
2 - 24% - 40% - 1:39
PK3 Forward
1 - 0% - 60%
2 - 0% - 40%
PK3 Defense
1 - 0% - 60%
2 - 0% - 40%
44 Forward
1 - 86% - 60% - 1:46
2 - 14% - 40% - 0:17
44 Defense
1 - 84% - 60% - 1:43
2 - 16% - 40% - 0:20
Last Minute Offensive - 0:00
Last Minute Defensive - 0:00
Total
Forward - 60:00
Defense - 60:00
|
% Time on Ice - Wolves
Lines # - Real PCT - Wanted PCT - Time Play
Normal Forward
1 - 30% - 40% - 13:37
2 - 28% - 30% - 12:24
3 - 24% - 20% - 10:56
4 - 18% - 10% - 8:07
Normal Defense
1 - 41% - 40% - 18:24
2 - 31% - 30% - 13:56
3 - 23% - 20% - 10:22
4 - 5% - 10% - 2:22
PP Forward
1 - 60% - 60% - 4:11
2 - 40% - 40% - 2:49
PP Defense
1 - 52% - 60% - 3:37
2 - 48% - 40% - 3:23
PK Forward
1 - 71% - 60% - 4:11
2 - 29% - 40% - 1:42
PK Defense
1 - 82% - 60% - 4:49
2 - 18% - 40% - 1:04
PK3 Forward
1 - 0% - 60%
2 - 0% - 40%
PK3 Defense
1 - 0% - 60%
2 - 0% - 40%
44 Forward
1 - 93% - 60% - 1:55
2 - 7% - 40% - 0:08
44 Defense
1 - 78% - 60% - 1:36
2 - 22% - 40% - 0:27
Last Minute Offensive - 0:00
Last Minute Defensive - 0:00
Total
Forward - 60:00
Defense - 60:00
|
Play by Play
1st period
0:01 of 1st period - Peter Mueller wins face-off versus Chris Neil in neutral zone.
0:26 of 1st period - Kellan Lain is hit by Milan Bartovic and loses puck.
0:32 of 1st period - Martin Grenier is hit by Willie Mitchell and loses puck.
0:45 of 1st period - Backhand shot by Benn Ferriero.
0:45 of 1st period - Stopped by Jamie Storr with a rebound.
0:47 of 1st period - Snap shot by Pierre-Cédric Labrie.
0:47 of 1st period - Stopped by Jamie Storr without a rebound.
0:48 of 1st period - Jamie Arniel wins face-off versus Petr Kalus in Wolves zone.
1:21 of 1st period - Off-side.
1:22 of 1st period - Peter Mueller wins face-off versus Mike Zigomanis in neutral zone.
1:33 of 1st period - Slapshot by Peter Mueller.
1:33 of 1st period - Stopped by Jamie Storr without a rebound.
1:34 of 1st period - Kyle Chipchura wins face-off versus Kevin Veilleux in Wolves zone.
1:59 of 1st period - Justin Schultz is hit by Geoff Paukovich.
2:03 of 1st period - Snap shot by Brett Maclean.
2:03 of 1st period - Stopped by Jamie Storr with a rebound.
2:19 of 1st period - Wrist shot by Damien Brunner.
2:19 of 1st period - Stopped by Jamie Storr without a rebound.
2:20 of 1st period - Mike Zigomanis wins face-off versus Peter Mueller in Wolves zone.
2:22 of 1st period - Minor Penalty to Marc-André Gragnani for Tripping.
2:23 of 1st period - Peter Mueller wins face-off versus Mike Zigomanis in Wolves zone.
2:38 of 1st period - Off-side.
2:39 of 1st period - Mike Zigomanis wins face-off versus Jamie Arniel in neutral zone.
2:41 of 1st period - Off-side.
2:42 of 1st period - Mike Zigomanis wins face-off versus Jamie Arniel in neutral zone.
4:22 of 1st period - Penalty to Marc-André Gragnani is over, Marc-André Gragnani is back on ice.
5:34 of 1st period - Mike Zigomanis is hit by Damien Brunner and loses puck.
5:45 of 1st period - Marc-André Gragnani is hit by Peter Mueller and loses puck.
6:38 of 1st period - Bryan Rodney is hit by Bruno Gervais and loses puck.
6:49 of 1st period - Matt Gilroy is hit by Martin Grenier and loses puck.
7:46 of 1st period - Kyle Chipchura is hit by Kevin Veilleux.
8:38 of 1st period - Pavel Valentenko is hit by Kevin Veilleux and loses puck.
8:49 of 1st period - Dmitry Kulikov is hit by Pavel Valentenko and loses puck.
9:01 of 1st period - Mike Zigomanis is hit by Kyle Chipchura and loses puck.
9:12 of 1st period - Mike Zigomanis is hit by Justin Schultz.
9:23 of 1st period - Willie Mitchell is hit by Brett Maclean and loses puck.
9:34 of 1st period - Willie Mitchell is hit by Peter Mueller and loses puck.
10:04 of 1st period - Dmitry Kulikov is hit by Pavel Valentenko and loses puck.
10:13 of 1st period - Jamie Arniel is hit by Nathan Davis and loses puck.
11:00 of 1st period - Jonas Junland is hit by Peter Mueller and loses puck.
11:33 of 1st period - Snap shot by Tim Crowder.
11:33 of 1st period - Goal by Tim Crowder - River Rats : 0 - Wolves : 1.
11:34 of 1st period - Peter Mueller wins face-off versus Mike Zigomanis in neutral zone.
11:59 of 1st period - Chris Mcallister is hit by Willie Mitchell and loses puck.
12:04 of 1st period - Snap shot by Matt Gilroy.
12:04 of 1st period - Shot Blocked by Chris Mcallister.
12:06 of 1st period - Slapshot by Matt Gilroy.
12:06 of 1st period - Stopped by Allen York without a rebound.
12:07 of 1st period - Mike Zigomanis wins face-off versus Kellan Lain in River Rats zone.
12:08 of 1st period - Snap shot by Chris Neil.
12:08 of 1st period - Shot Blocked by Kellan Lain.
12:20 of 1st period - Wrist shot by Chris Neil.
12:20 of 1st period - Stopped by Allen York with a rebound.
12:22 of 1st period - Slapshot by Matt Gilroy.
12:22 of 1st period - Shot Misses the Net.
12:32 of 1st period - Matt Gilroy is hit by Justin Schultz and loses puck.
12:39 of 1st period - Slapshot by Dmitry Kulikov.
12:39 of 1st period - Deflect By Geoff Paukovich.
12:39 of 1st period - Stopped by Allen York with a rebound.
12:45 of 1st period - Slapshot by Justin Schultz.
12:45 of 1st period - Stopped by Jamie Storr without a rebound.
12:46 of 1st period - Petr Kalus wins face-off versus Peter Mueller in Wolves zone.
12:55 of 1st period - Snap shot by Damien Brunner.
12:55 of 1st period - Goal by Damien Brunner - River Rats : 1 - Wolves : 1.
12:56 of 1st period - Mike Zigomanis wins face-off versus Peter Mueller in neutral zone.
13:01 of 1st period - Snap shot by Chris Neil.
13:01 of 1st period - Shot Misses the Net.
13:03 of 1st period - Snap shot by Chris Neil.
13:03 of 1st period - Shot Misses the Net.
13:23 of 1st period - Icing by Geoff Paukovich.
13:24 of 1st period - Jamie Arniel wins face-off versus Nathan Davis in Wolves zone.
13:25 of 1st period - Snap shot by Benn Ferriero.
13:25 of 1st period - Shot Misses the Net.
13:31 of 1st period - Slapshot by Michael Del Zotto.
13:31 of 1st period - Stopped by Jamie Storr with a rebound.
13:33 of 1st period - Slapshot by Justin Schultz.
13:33 of 1st period - Stopped by Jamie Storr with a rebound.
13:35 of 1st period - Slapshot by Michael Del Zotto.
13:35 of 1st period - Shot Misses the Net.
14:41 of 1st period - Icing by Jamie Arniel.
14:42 of 1st period - Nathan Davis wins face-off versus Pierre-Cédric Labrie in River Rats zone.
14:43 of 1st period - Slapshot by Milan Bartovic.
14:43 of 1st period - Stopped by Allen York without a rebound.
14:44 of 1st period - Peter Mueller wins face-off versus Nathan Davis in River Rats zone.
14:53 of 1st period - Wrist shot by Nathan Davis.
14:53 of 1st period - Stopped by Allen York with a rebound.
14:55 of 1st period - Wrist shot by Bruno Gervais.
14:55 of 1st period - Shot Misses the Net.
14:57 of 1st period - Wrist shot by Milan Bartovic.
14:57 of 1st period - Shot Misses the Net.
14:59 of 1st period - Wrist shot by Milan Bartovic.
14:59 of 1st period - Shot Blocked by Bryan Rodney.
15:11 of 1st period - Willie Mitchell is hit by Kellan Lain and loses puck.
15:45 of 1st period - Icing by Petr Kalus.
15:46 of 1st period - Petr Kalus wins face-off versus Peter Mueller in Wolves zone.
15:46 of 1st period - Petr Kalus is hit by Chris Mcallister.
16:14 of 1st period - Wrist shot by Jonathan Rheault.
16:14 of 1st period - Stopped by Allen York with a rebound.
16:16 of 1st period - Slapshot by Bruno Gervais.
16:16 of 1st period - Stopped by Allen York without a rebound.
16:17 of 1st period - Kellan Lain wins face-off versus Kevin Veilleux in River Rats zone.
16:19 of 1st period - Minor Penalty to Kellan Lain for Hooking.
16:20 of 1st period - Mike Zigomanis wins face-off versus Kyle Chipchura in River Rats zone.
16:30 of 1st period - Snap shot by Mike Zigomanis.
16:30 of 1st period - Shot Blocked by Bryan Rodney.
16:32 of 1st period - Slapshot by Bruno Gervais.
16:32 of 1st period - Goal by Bruno Gervais - River Rats : 1 - Wolves : 2.
16:33 of 1st period - Peter Mueller wins face-off versus Mike Zigomanis in neutral zone.
16:43 of 1st period - Snap shot by Bruno Gervais.
16:43 of 1st period - Shot Blocked by Pavel Valentenko.
16:49 of 1st period - Snap shot by Chris Mcallister.
16:49 of 1st period - Shot Misses the Net.
17:50 of 1st period - Snap shot by Damien Brunner.
17:50 of 1st period - Stopped by Jamie Storr without a rebound.
17:51 of 1st period - Mike Zigomanis wins face-off versus Steve Quailer in Wolves zone.
18:16 of 1st period - Nathan Davis is hit by Chris Mcallister and loses puck.
19:26 of 1st period - Wrist shot by Milan Bartovic.
19:26 of 1st period - Stopped by Allen York with a rebound.
19:39 of 1st period - Off-side.
19:40 of 1st period - Kevin Veilleux wins face-off versus Kellan Lain in neutral zone.
19:51 of 1st period - Wrist shot by Kellan Lain.
19:51 of 1st period - Stopped by Jamie Storr with a rebound.
Goals for this period are 1 for River Rats vs 2 for Wolves.
Shots for this period are 11 for River Rats vs 10 for Wolves.
2nd period
0:01 of 2nd period - Mike Zigomanis wins face-off versus Peter Mueller in neutral zone.
0:06 of 2nd period - Slapshot by Chris Neil.
0:06 of 2nd period - Shot Misses the Net.
0:39 of 2nd period - Justin Schultz is hit by Geoff Paukovich.
0:51 of 2nd period - Jamie Arniel is hit by Marc-André Gragnani and loses puck.
1:20 of 2nd period - Snap shot by Damien Brunner.
1:20 of 2nd period - Shot Blocked by Willie Mitchell.
1:22 of 2nd period - Wrist shot by Peter Mueller.
1:22 of 2nd period - Deflect By Damien Brunner.
1:22 of 2nd period - Shot Misses the Net.
1:22 of 2nd period - Puck is out of play.
1:23 of 2nd period - Kellan Lain wins face-off versus Mike Zigomanis in Wolves zone.
1:26 of 2nd period - Snap shot by Steve Quailer.
1:26 of 2nd period - Goal by Steve Quailer - River Rats : 2 - Wolves : 2.
1:27 of 2nd period - Chris Mcallister wins face-off versus Mike Zigomanis in neutral zone.
1:30 of 2nd period - Mike Sislo is hit by Damien Brunner and loses puck.
2:01 of 2nd period - Snap shot by Nathan Davis.
2:01 of 2nd period - Shot Misses the Net.
2:32 of 2nd period - Icing by Martin Grenier.
2:33 of 2nd period - Jamie Arniel wins face-off versus Kevin Veilleux in River Rats zone.
3:02 of 2nd period - Jonathan Rheault is hit by Benn Ferriero and loses puck.
3:15 of 2nd period - Slapshot by Jonathan Rheault.
3:15 of 2nd period - Stopped by Allen York with a rebound.
3:17 of 2nd period - Wrist shot by Jonathan Rheault.
3:17 of 2nd period - Goal by Jonathan Rheault - River Rats : 2 - Wolves : 3.
3:18 of 2nd period - Mike Zigomanis wins face-off versus Peter Mueller in neutral zone.
3:25 of 2nd period - Slapshot by Chris Neil.
3:25 of 2nd period - Goal by Chris Neil - River Rats : 2 - Wolves : 4.
3:25 of 2nd period - Braden Holtby enters game.
3:26 of 2nd period - Mike Zigomanis wins face-off versus Peter Mueller in neutral zone.
3:36 of 2nd period - Michael Del Zotto is hit by Bruno Gervais and loses puck.
4:17 of 2nd period - Minor Penalty to Jamie Arniel for Slashing.
4:18 of 2nd period - Kellan Lain wins face-off versus Mike Zigomanis in River Rats zone.
4:54 of 2nd period - Wrist shot by Milan Bartovic.
4:54 of 2nd period - Shot Misses the Net.
4:56 of 2nd period - Snap shot by Milan Bartovic.
4:56 of 2nd period - Stopped by Braden Holtby with a rebound.
4:58 of 2nd period - Slapshot by Jonas Junland.
4:58 of 2nd period - Stopped by Braden Holtby without a rebound.
4:59 of 2nd period - Geoff Paukovich wins face-off versus Kellan Lain in River Rats zone.
5:12 of 2nd period - Wrist shot by Tim Crowder.
5:12 of 2nd period - Deflect By Pierre-Cédric Labrie.
5:12 of 2nd period - Shot Blocked by Kyle Chipchura.
5:12 of 2nd period - Puck is out of play.
5:13 of 2nd period - Kyle Chipchura wins face-off versus Mike Zigomanis in River Rats zone.
5:22 of 2nd period - Slapshot by Dmitry Kulikov.
5:22 of 2nd period - Goal by Dmitry Kulikov - River Rats : 2 - Wolves : 5.
5:23 of 2nd period - Mike Zigomanis wins face-off versus Peter Mueller in neutral zone.
5:30 of 2nd period - Snap shot by Chris Neil.
5:30 of 2nd period - Stopped by Braden Holtby with a rebound.
5:48 of 2nd period - Kellan Lain is hit by Bruno Gervais and loses puck.
6:09 of 2nd period - Slapshot by Michael Del Zotto.
6:09 of 2nd period - Stopped by Jamie Storr without a rebound.
6:10 of 2nd period - Petr Kalus wins face-off versus Kyle Chipchura in Wolves zone.
6:21 of 2nd period - Snap shot by J.T. Brown.
6:21 of 2nd period - Deflect By Tim Crowder.
6:21 of 2nd period - Shot Misses the Net.
6:21 of 2nd period - Puck is out of play.
6:22 of 2nd period - Peter Mueller wins face-off versus Mike Zigomanis in Wolves zone.
6:23 of 2nd period - Snap shot by Damien Brunner.
6:23 of 2nd period - Shot Hit the Post.
6:29 of 2nd period - Wrist shot by Chris Mcallister.
6:29 of 2nd period - Shot Blocked by Willie Mitchell.
6:31 of 2nd period - Slapshot by Pavel Valentenko.
6:31 of 2nd period - Shot Blocked by Bruno Gervais.
6:33 of 2nd period - Slapshot by Brian Dumoulin.
6:33 of 2nd period - Stopped by Jamie Storr with a rebound.
6:35 of 2nd period - Snap shot by Damien Brunner.
6:35 of 2nd period - Stopped by Jamie Storr without a rebound.
6:36 of 2nd period - Mike Zigomanis wins face-off versus Damien Brunner in Wolves zone.
6:49 of 2nd period - Snap shot by Mike Zigomanis.
6:49 of 2nd period - Stopped by Braden Holtby without a rebound.
6:50 of 2nd period - Nathan Davis wins face-off versus Kellan Lain in River Rats zone.
7:05 of 2nd period - Slapshot by Justin Schultz.
7:05 of 2nd period - Shot Blocked by Bruno Gervais.
7:43 of 2nd period - Slapshot by Pierre-Cédric Labrie.
7:43 of 2nd period - Shot Blocked by Tim Crowder.
7:45 of 2nd period - Slapshot by Benn Ferriero.
7:45 of 2nd period - Stopped by Jamie Storr with a rebound.
8:24 of 2nd period - Snap shot by Kellan Lain.
8:24 of 2nd period - Shot Blocked by Nathan Davis.
8:44 of 2nd period - Snap shot by Chris Neil.
8:44 of 2nd period - Shot Misses the Net.
9:19 of 2nd period - Snap shot by Nathan Davis.
9:19 of 2nd period - Stopped by Braden Holtby with a rebound.
9:35 of 2nd period - Chris Neil is hit by Bryan Rodney and loses puck.
9:44 of 2nd period - Snap shot by Justin Schultz.
9:44 of 2nd period - Shot Misses the Net.
9:46 of 2nd period - Wrist shot by Steve Quailer.
9:46 of 2nd period - Stopped by Jamie Storr with a rebound.
9:48 of 2nd period - Wrist shot by Kellan Lain.
9:48 of 2nd period - Stopped by Jamie Storr with a rebound.
9:55 of 2nd period - Icing by Mike Zigomanis.
9:56 of 2nd period - Peter Mueller wins face-off versus Petr Kalus in Wolves zone.
11:05 of 2nd period - Slapshot by Chris Neil.
11:05 of 2nd period - Stopped by Braden Holtby without a rebound.
11:06 of 2nd period - Mike Zigomanis wins face-off versus Peter Mueller in River Rats zone.
11:07 of 2nd period - Snap shot by Mike Sislo.
11:07 of 2nd period - Stopped by Braden Holtby with a rebound.
11:15 of 2nd period - Slapshot by Martin Grenier.
11:15 of 2nd period - Stopped by Jamie Storr without a rebound.
11:16 of 2nd period - Mike Sislo wins face-off versus Peter Mueller in Wolves zone.
11:32 of 2nd period - Slapshot by Chris Mcallister.
11:32 of 2nd period - Shot Misses the Net.
11:46 of 2nd period - Wrist shot by Milan Bartovic.
11:46 of 2nd period - Deflect By Geoff Paukovich.
11:46 of 2nd period - Shot Hit the Post.
11:46 of 2nd period - Puck is out of play.
11:47 of 2nd period - Nathan Davis wins face-off versus Kellan Lain in River Rats zone.
12:14 of 2nd period - Slapshot by Milan Bartovic.
12:14 of 2nd period - Stopped by Braden Holtby with a rebound.
12:30 of 2nd period - Slapshot by Milan Bartovic.
12:30 of 2nd period - Goal by Milan Bartovic - River Rats : 2 - Wolves : 6.
12:31 of 2nd period - Mike Zigomanis wins face-off versus Peter Mueller in neutral zone.
12:37 of 2nd period - Minor Penalty to Martin Grenier for Interference.
12:38 of 2nd period - Chris Neil wins face-off versus Kellan Lain in River Rats zone.
13:04 of 2nd period - Kellan Lain is hit by Dmitry Kulikov and loses puck.
14:37 of 2nd period - Penalty to Martin Grenier is over, Martin Grenier is back on ice.
14:39 of 2nd period - Peter Mueller is hit by Matt Gilroy and loses puck.
14:52 of 2nd period - Snap shot by Jamie Arniel.
14:52 of 2nd period - Shot Misses the Net.
15:16 of 2nd period - Brett Maclean is hit by Tim Crowder.
16:12 of 2nd period - Marc-André Gragnani is hit by Martin Grenier and loses puck.
16:25 of 2nd period - Martin Grenier is hit by Mike Sislo and loses puck.
17:29 of 2nd period - Willie Mitchell is hit by Taylor Beck and loses puck.
17:42 of 2nd period - Bruno Gervais is hit by Brett Maclean and loses puck.
18:27 of 2nd period - Minor Penalty to Matt Gilroy for Charging.
18:28 of 2nd period - Mike Zigomanis wins face-off versus Peter Mueller in Wolves zone.
18:39 of 2nd period - Bruno Gervais is hit by Justin Schultz and loses puck.
19:02 of 2nd period - Minor Penalty to Brian Dumoulin for Hooking.
19:03 of 2nd period - Jamie Arniel wins face-off versus Mike Zigomanis in River Rats zone.
19:16 of 2nd period - Snap shot by Chris Mcallister.
19:16 of 2nd period - Deflect By Jamie Arniel.
19:16 of 2nd period - Stopped by Jamie Storr with a rebound.
Goals for this period are 1 for River Rats vs 4 for Wolves.
Shots for this period are 9 for River Rats vs 13 for Wolves.
3rd period
0:01 of 3rd period - Mike Zigomanis wins face-off versus Jamie Arniel in neutral zone.
0:08 of 3rd period - Snap shot by Mike Zigomanis.
0:08 of 3rd period - Stopped by Braden Holtby with a rebound.
0:10 of 3rd period - Slapshot by Milan Bartovic.
0:10 of 3rd period - Stopped by Braden Holtby without a rebound.
0:11 of 3rd period - Jamie Arniel wins face-off versus Mike Zigomanis in River Rats zone.
0:16 of 3rd period - Slapshot by Justin Schultz.
0:16 of 3rd period - Shot Misses the Net.
0:27 of 3rd period - Penalty to Matt Gilroy is over, Matt Gilroy is back on ice.
0:50 of 3rd period - Wrist shot by Matt Gilroy.
0:50 of 3rd period - Goal by Matt Gilroy - River Rats : 2 - Wolves : 7.
0:51 of 3rd period - Kellan Lain wins face-off versus Petr Kalus in neutral zone.
0:58 of 3rd period - Wrist shot by Brett Maclean.
0:58 of 3rd period - Deflect By Steve Quailer.
0:58 of 3rd period - Shot Blocked by Bruno Gervais.
0:58 of 3rd period - Puck is out of play.
0:59 of 3rd period - Petr Kalus wins face-off versus Kellan Lain in Wolves zone.
1:03 of 3rd period - Bruno Gervais is hit by Bryan Rodney and loses puck.
1:10 of 3rd period - Petr Kalus is hit by Martin Grenier.
1:22 of 3rd period - Bruno Gervais is hit by Steve Quailer and loses puck.
1:37 of 3rd period - Snap shot by Brett Maclean.
1:37 of 3rd period - Stopped by Jamie Storr with a rebound.
1:39 of 3rd period - Slapshot by Bryan Rodney.
1:39 of 3rd period - Stopped by Jamie Storr without a rebound.
1:40 of 3rd period - Mike Zigomanis wins face-off versus Peter Mueller in Wolves zone.
2:47 of 3rd period - Willie Mitchell is hit by Pavel Valentenko and loses puck.
3:23 of 3rd period - Icing by Nathan Davis.
3:24 of 3rd period - Nathan Davis wins face-off versus Jamie Arniel in Wolves zone.
3:39 of 3rd period - Slapshot by Milan Bartovic.
3:39 of 3rd period - Stopped by Braden Holtby with a rebound.
3:45 of 3rd period - Penalty Shot by Jamie Arniel for River Rats.
3:45 of 3rd period - Wrist shot by Jamie Arniel.
3:45 of 3rd period - Goal by Jamie Arniel - River Rats : 3 - Wolves : 7.
3:46 of 3rd period - Peter Mueller wins face-off versus Mike Zigomanis in neutral zone.
3:47 of 3rd period - Peter Mueller wins face-off versus Mike Zigomanis in River Rats zone.
4:17 of 3rd period - Wrist shot by Jonas Junland.
4:17 of 3rd period - Shot Blocked by Michael Del Zotto.
4:27 of 3rd period - Milan Bartovic is hit by Justin Schultz and loses puck.
4:37 of 3rd period - Minor Penalty to Benn Ferriero for Hooking.
4:38 of 3rd period - Mike Zigomanis wins face-off versus Kellan Lain in River Rats zone.
5:04 of 3rd period - Dmitry Kulikov is hit by Chris Mcallister.
6:37 of 3rd period - Penalty to Benn Ferriero is over, Benn Ferriero is back on ice.
6:47 of 3rd period - Icing by Bruno Gervais.
6:48 of 3rd period - Benn Ferriero wins face-off versus Kevin Veilleux in Wolves zone.
6:49 of 3rd period - Slapshot by Michael Del Zotto.
6:49 of 3rd period - Deflect By Jonas Junland.
6:49 of 3rd period - Stopped by Jamie Storr without a rebound.
6:50 of 3rd period - Jamie Arniel wins face-off versus Kevin Veilleux in Wolves zone.
7:05 of 3rd period - Snap shot by Jonathan Rheault.
7:05 of 3rd period - Shot Misses the Net.
7:14 of 3rd period - Justin Schultz is hit by Jonas Junland and loses puck.
7:35 of 3rd period - Justin Schultz is hit by Chris Neil and loses puck.
8:03 of 3rd period - Slapshot by Kyle Chipchura.
8:03 of 3rd period - Shot Misses the Net.
8:44 of 3rd period - Carl Klingberg and Jamie Arniel fight to a draw.
8:44 of 3rd period - Penalty to Carl Klingberg for Fighting.
8:44 of 3rd period - Penalty to Jamie Arniel for Fighting.
8:45 of 3rd period - Peter Mueller wins face-off versus Mike Zigomanis in neutral zone.
9:11 of 3rd period - Slapshot by Benn Ferriero.
9:11 of 3rd period - Deflect By Kellan Lain.
9:11 of 3rd period - Shot Blocked by Mike Sislo.
9:11 of 3rd period - Puck is out of play.
9:12 of 3rd period - Kellan Lain wins face-off versus Nathan Davis in Wolves zone.
9:26 of 3rd period - Slapshot by Martin Grenier.
9:26 of 3rd period - Stopped by Jamie Storr with a rebound.
9:34 of 3rd period - Minor Penalty to Matt Gilroy for Slashing.
9:35 of 3rd period - Peter Mueller wins face-off versus Mike Zigomanis in Wolves zone.
9:36 of 3rd period - Wrist shot by Brett Maclean.
9:36 of 3rd period - Shot Misses the Net.
11:34 of 3rd period - Penalty to Matt Gilroy is over, Matt Gilroy is back on ice.
11:46 of 3rd period - Snap shot by J.T. Brown.
11:46 of 3rd period - Stopped by Jamie Storr without a rebound.
11:47 of 3rd period - Kyle Chipchura wins face-off versus Petr Kalus in Wolves zone.
12:00 of 3rd period - Wrist shot by Kyle Chipchura.
12:00 of 3rd period - Stopped by Jamie Storr without a rebound.
12:01 of 3rd period - Mike Zigomanis wins face-off versus Kellan Lain in Wolves zone.
12:26 of 3rd period - Pierre-Cédric Labrie is hit by Maksim Mayorov and loses puck.
12:37 of 3rd period - Wrist shot by Kellan Lain.
12:37 of 3rd period - Shot Misses the Net.
12:39 of 3rd period - Slapshot by Michael Del Zotto.
12:39 of 3rd period - Shot Blocked by Maksim Mayorov.
12:41 of 3rd period - Slapshot by Pierre-Cédric Labrie.
12:41 of 3rd period - Shot Misses the Net.
13:07 of 3rd period - Slapshot by Jonas Junland.
13:07 of 3rd period - Stopped by Braden Holtby without a rebound.
13:08 of 3rd period - Peter Mueller wins face-off versus Mike Zigomanis in River Rats zone.
13:10 of 3rd period - Minor Penalty to Martin Grenier for Hooking.
13:11 of 3rd period - Mike Zigomanis wins face-off versus Kellan Lain in River Rats zone.
13:14 of 3rd period - Slapshot by Mike Zigomanis.
13:14 of 3rd period - Shot Blocked by Bryan Rodney.
13:44 of 3rd period - Penalty to Jamie Arniel is over, Jamie Arniel is back on ice.
14:16 of 3rd period - Icing by Matt Gilroy.
14:17 of 3rd period - Tim Crowder wins face-off versus Kyle Chipchura in Wolves zone.
14:30 of 3rd period - Minor Penalty to Chris Neil for Interference.
14:31 of 3rd period - Mike Zigomanis wins face-off versus Jamie Arniel in Wolves zone.
14:40 of 3rd period - Snap shot by Mike Zigomanis.
14:40 of 3rd period - Shot Misses the Net.
14:42 of 3rd period - Snap shot by Milan Bartovic.
14:42 of 3rd period - Deflect By Mike Zigomanis.
14:42 of 3rd period - Stopped by Braden Holtby without a rebound.
14:43 of 3rd period - Mike Zigomanis wins face-off versus Chris Mcallister in River Rats zone.
14:44 of 3rd period - Wrist shot by Milan Bartovic.
14:44 of 3rd period - Deflect By Chris Mcallister.
14:44 of 3rd period - Shot Misses the Net.
14:44 of 3rd period - Puck is out of play.
14:45 of 3rd period - Mike Zigomanis wins face-off versus Jamie Arniel in River Rats zone.
15:00 of 3rd period - Slapshot by Justin Schultz.
15:00 of 3rd period - Deflect By Bruno Gervais.
15:00 of 3rd period - Stopped by Jamie Storr with a rebound.
15:10 of 3rd period - Penalty to Martin Grenier is over, Martin Grenier is back on ice.
15:11 of 3rd period - Off-side.
15:12 of 3rd period - Peter Mueller wins face-off versus Mike Zigomanis in neutral zone.
15:37 of 3rd period - Willie Mitchell is hit by Jamie Arniel and loses puck.
16:30 of 3rd period - Penalty to Chris Neil is over, Chris Neil is back on ice.
16:47 of 3rd period - Dmitry Kulikov is hit by J.T. Brown and loses puck.
16:52 of 3rd period - Snap shot by J.T. Brown.
16:52 of 3rd period - Shot Misses the Net.
17:59 of 3rd period - Bruno Gervais is hit by Pavel Valentenko and loses puck.
18:14 of 3rd period - Slapshot by Justin Schultz.
18:14 of 3rd period - Shot Misses the Net.
18:41 of 3rd period - Slapshot by Michael Del Zotto.
18:41 of 3rd period - Stopped by Jamie Storr with a rebound.
19:09 of 3rd period - Petr Kalus is hit by J.T. Brown and loses puck.
19:14 of 3rd period - Slapshot by J.T. Brown.
19:14 of 3rd period - Goal by J.T. Brown - River Rats : 4 - Wolves : 7.
19:15 of 3rd period - Peter Mueller wins face-off versus Nathan Davis in neutral zone.
19:15 of 3rd period - Chris Mcallister is hit by Milan Bartovic and loses puck.
19:37 of 3rd period - Chris Mcallister is hit by Nathan Davis and loses puck.
Goals for this period are 2 for River Rats vs 1 for Wolves.
Shots for this period are 9 for River Rats vs 6 for Wolves.
Output by the SimonT Hockey Simulator (STHS) for François Prévost -- Original Page W3C XHTML 1.0 Valid